 Dungeon Crawl Stone Soup version 0.22.1-2-g9c5b331 (webtiles) character file.

7387 Matador8 the Carver (level 11, 0/81 HPs)
             Began as a Human Gladiator on Dec 20, 2018.
             Was an Elder of Kikubaaqudgha.
             Slain by a two-headed ogre
             ... wielding a +0 giant club
              (21 damage)
             ... on level 9 of the Dungeon.
             The game lasted 00:52:43 (9940 turns).

Matador8 the Carver (Human Gladiator)               Turns: 9940, Time: 00:52:44

Health: 0/81       AC: 14    Str: 21    XL:     11   Next: 36%
Magic:  15/15      EV:  9    Int: 11    God:    Kikubaaqudgha [****..]
Gold:   398        SH:  0    Dex: 14    Spells: 12/16 levels left

rFire    + . .     SeeInvis .   b - +2 scimitar (slice)
rCold    . . .     Gourm    .   (no shield)
rNeg     . . .     Faith    .   E - +0 chain mail
rPois    .         Spirit   .   c - +0 helmet
rElec    .         Reflect  .   x - +0 cloak
rCorr    .         Harm     .   G - +0 pair of gloves
MR       .....                  M - +0 pair of boots
Stlth    ..........             (no amulet)
HPRegen  0.23/turn              i - +5 ring of strength
MPRegen  0.14/turn              k - ring of protection from fire

@: no status effects
A: no striking features
a: Receive Corpses, Renounce Religion


You were on level 9 of the Dungeon.
You worshipped Kikubaaqudgha.
Kikubaaqudgha was greatly pleased with you.
You were not hungry.

You visited 2 branches of the dungeon, and saw 11 of its levels.

You collected 398 gold pieces.

Inventory:

Hand Weapons
 a - a +0 blowgun
 b - a +2 scimitar of slicing (weapon)
 U - a +0 long sword
Missiles
 D - 61 poisoned needles (quivered)
 J - 2 poisoned tomahawks
 K - 17 tomahawks
 N - 5 javelins
 X - 3 throwing nets
 Y - 6 needles of frenzy
Armour
 c - a +0 helmet (worn)
 d - a cursed +0 ring mail
 x - a +0 cloak (worn)
 B - a +1 helmet
 E - a +0 chain mail (worn)
 G - a +0 pair of gloves (worn)
 M - a +0 pair of boots (worn)
 Q - the cursed +0 robe "Udodisios" {Str+2, unknown}
   (You found it on level 6 of the Dungeon)

   It affects your strength (+2).
   It has a curse placed upon it.
 V - a +0 shield
Jewellery
 e - an uncursed ring of resist corrosion
 i - a +5 ring of strength (left hand)
 k - a ring of protection from fire (right hand)
 s - an uncursed amulet of harm {unknown}
 S - the ring "Uzeeros" {Ice MR+ Int+3}
   (You found it on level 7 of the Dungeon)

   [ring of ice]

   It enhances your ice magic.
   It affects your intelligence (+3).
   It makes you vulnerable to fire.
   It protects you from cold.
   It affects your resistance to hostile enchantments.
Wands
 t - a wand of iceblast (9)
 w - a wand of paralysis (11)
 F - a wand of enslavement (16)
 P - a wand of disintegration (4)
Scrolls
 g - a scroll of amnesia {unknown}
 l - 3 scrolls of blinking
 q - 2 scrolls of enchant armour
 y - a scroll of identify
 z - a scroll of enchant weapon {unknown}
 A - a scroll of immolation {unknown}
 I - a scroll of fog {unknown}
 L - a scroll of teleportation
 R - a scroll of acquirement {unknown}
 T - a scroll of silence {unknown}
 Z - a scroll of fear {unknown}
Potions
 h - 2 potions of berserk rage
 j - 2 potions of heal wounds
 m - 3 potions of ambrosia
 n - 4 potions of flight
 o - 5 potions of curing
 p - 2 potions of might
 u - a potion of lignification {unknown}
 v - 2 potions of brilliance {unknown}
 C - 2 potions of haste
 H - 2 potions of degeneration {unknown}
 O - a potion of agility {unknown}
 W - 2 potions of mutation
Comestibles
 f - 9 rations


   Skills:
 - Level 5.6 Fighting
 * Level 12.4 Long Blades
 - Level 4.4 Throwing
 - Level 5.2 Armour
 - Level 3.0 Dodging
 - Level 3.1 Spellcasting
 - Level 6.5 Necromancy


You had 12 spell levels left.
You knew the following spells:

 Your Spells              Type           Power        Failure   Level  Hunger
a - Pain                  Necr           ###.         14%         1    #......
b - Vampiric Draining     Necr           ###.......   41%         3    ###....

Your spell library contained the following spells:

 Spells                   Type           Power        Failure   Level  Hunger
 Corpse Rot               Necr           N/A          22%         2    ###....
 Sublimation of Blood     Necr           ###.......   22%         2    ###....
 Sting                    Conj/Pois      #...         91%         1    #......
 Poisonous Vapours        Pois/Air       #.....       97%         2    ###....
 Dispel Undead            Necr           ###.....     99%         5    ######.
 Mephitic Cloud           Conj/Pois/Air  #.......     100%        3    ###....
 Olgreb's Toxic Radiance  Pois           #.......     100%        4    #####..
 Bolt of Draining         Conj/Necr      #.........   100%        5    ######.
 Borgnjor's Vile Clutch   Necr/Erth      #.........   100%        5    ######.
 Excruciating Wounds      Chrm/Necr      #.........   100%        5    ######.
 Venom Bolt               Conj/Pois      #.........   100%        5    ######.
 Simulacrum               Ice/Necr       #.........   100%        6    #######


Dungeon Overview and Level Annotations

Branches:
Dungeon (10/15)            Temple (1/1) D:4             Orc (0/2) D:10
   Lair: D:8-11

Altars:
Ashenzari
Cheibriados
Dithmenos
Elyvilon
Fedhas
Gozag
Hepliaklqana
Kikubaaqudgha
Makhleb
Nemelex Xobeh
Okawaru
Qazlal
Ru
Sif Muna
Trog
Uskayaw
Vehumet
Wu Jian
Xom
Yredelemnul
Zin
The Shining One

Shops:
D:4 (

Annotations:
D:6 1 runed door, Toshki's ghost, novice SpVM
D:9 exclusion: ice statue


Message History

You kill the quokka!
Kikubaaqudgha accepts your kill.
There is a stone staircase leading up, spattered with blood here.
You slash the two-headed ogre!
The two-headed ogre is moderately wounded.
The two-headed ogre closely misses you.
You riposte.
You slash the two-headed ogre!
The two-headed ogre is heavily wounded.
The two-headed ogre hits you with a giant spiked club!!
You barely miss the two-headed ogre.
The two-headed ogre is heavily wounded.
The two-headed ogre hits you with a giant club.
The two-headed ogre hits you with a giant spiked club!!
* * * LOW HITPOINT WARNING * * *
You climb upwards.
Level annotation: exclusion: ice statue
There is a stone staircase leading down here.
The two-headed ogre hits you with a giant club!!
You die...
Kikubaaqudgha rasps: "You have failed me!
Welcome... death!"

#..#.#....#........#
#..#.#........)....##########
#..#...[...........'.........
#..#######...#.....##########
#...# ##...........# #...##
#).##.......# #....###
#..##.......#
#......####..##.....(.#
#.......}8#.@.....#####
#......#####>O....# #....###
##.....# ######## #...##
#####.# #....).# #...#
####)####).....# #..##
#...)...'....... #..#
#.....((#....... #..#
#...###.#....... #..# #...#
#.#######.


You could see a two-headed ogre.

Vanquished Creatures
  Harold (D:7)
  Pikel (D:6)
  Maurice (D:8)
  Joseph (D:10)
  A troll (D:9)
  A hornet (D:9)
  Prince Ribbit (D:6)
  2 hippogriffs
  A wyvern (D:9)
  A hungry ghost (D:9)
  3 wargs
  2 water moccasins
  4 ice beasts
  An orc warrior (D:6)
  A slave (D:6)
  2 black bears
  An ogre (D:9)
  4 phantoms
  2 necrophages
  2 centaurs
  A big kobold (D:7)
  A bullfrog (D:7)
  Blork the orc (D:4)
  A water moccasin zombie (D:5)
  A water moccasin skeleton (D:4)
  A wyvern skeleton (D:9)
  4 scorpions
  7 wights
  4 killer bees (D:9)
  A howler monkey (D:5)
  4 crimson imps
  A bullfrog zombie (D:6)
  6 hounds
  A centaur zombie (D:6)
  A bullfrog skeleton (D:6)
  3 orc priests
  A centaur skeleton (D:9)
  9 orc wizards
  Terence (D:2)
  4 iguanas
  9 worker ants
  A killer bee zombie (D:6)
  A hound skeleton (D:3)
  A howler monkey zombie (D:3)
  6 adders
  6 shadow imps
  2 oozes
  An adder zombie (D:6)
  An adder skeleton (D:3)
  2 worms
  3 dart slugs
  6 leopard geckos
  45 orcs
  5 giant cockroaches
  6 goblins
  5 hobgoblins
  11 jackals
  3 quokkas
  A ball python (D:4)
  A ball python skeleton (D:5)
  4 bats
  3 frilled lizards
  A jackal skeleton (D:4)
  A jackal zombie (D:3)
  13 kobolds
  3 leopard gecko skeletons
  A leopard gecko zombie (D:3)
  A quokka zombie (D:7)
  4 rats
233 creatures vanquished.

Vanquished Creatures (others)
  A goblin (D:3)
1 creature vanquished.

Grand Total: 234 creatures vanquished

Notes
Turn   | Place    | Note
-------+----------+-------------------------------------------
     0 | D:1      | Matador8 the Human Gladiator began the quest for the Orb.
     0 | D:1      | Reached XP level 1. HP: 16/16 MP: 1/1
    84 | D:1      | Reached XP level 2. HP: 16/22 MP: 2/2
   197 | D:1      | Reached XP level 3. HP: 27/27 MP: 3/3
   722 | D:2      | Noticed Terence
   741 | D:2      | Killed Terence
   741 | D:2      | Reached skill level 4 in Long Blades
   741 | D:2      | Reached XP level 4. HP: 27/33 MP: 4/4
  1411 | D:3      | Reached XP level 5. HP: 35/38 MP: 5/5
  1524 | D:3      | Found a blossoming altar of Fedhas.
  1842 | D:3      | Reached skill level 5 in Long Blades
  1928 | D:4      | Found Sataz's Weapon Boutique.
  2013 | D:4      | Noticed Blork the orc
  2139 | D:4      | Reached XP level 6. HP: 39/44 MP: 6/6
  2168 | D:4      | Killed Blork the orc
  2255 | D:4      | Reached skill level 6 in Long Blades
  2258 | D:4      | Reached XP level 7. HP: 45/50 MP: 7/7
  2435 | D:4      | Found an ornate altar of the Wu Jian Council.
  2504 | D:4      | Found a staircase to the Ecumenical Temple.
  2512 | Temple   | Entered the Ecumenical Temple
  2759 | Temple   | Became a worshipper of Kikubaaqudgha
  3028 | D:5      | Entered Level 5 of the Dungeon
  3062 | D:4      | Reached skill level 1 in Necromancy
  3088 | D:4      | Reached skill level 7 in Long Blades
  3872 | D:5      | Reached XP level 8. HP: 47/56 MP: 8/8
  3875 | D:5      | Reached * piety under Kikubaaqudgha
  3875 | D:5      | Identified Kikubaaqudgha's Catalogue of Dark Rites
                  | (Kikubaaqudgha gifted it to you on level 5 of the Dungeon)
  3875 | D:5      | Received a gift from Kikubaaqudgha
  4363 | D:5      | Reached skill level 8 in Long Blades
  4451 | D:6      | Found a runed door.
  4453 | D:6      | Noticed Prince Ribbit
  4477 | D:6      | Killed Prince Ribbit
  4477 | D:6      | Reached skill level 1 in Armour
  4757 | D:6      | Reached XP level 9. HP: 62/62 MP: 9/9
  4865 | D:6      | Reached skill level 1 in Spellcasting
  4896 | D:6      | Got a fabulously ornate robe
  4952 | D:6      | Reached ** piety under Kikubaaqudgha
  4955 | D:6      | Learned a level 1 spell: Pain
  5127 | D:6      | Noticed Toshki's ghost (novice SpVM)
  5150 | D:6      | Noticed Pikel
  5164 | D:6      | Killed Pikel
  5570 | D:7      | Noticed a hippogriff
  5580 | D:7      | Killed a hippogriff
  5591 | D:7      | Got a flickering copper ring
  5655 | D:7      | Reached skill level 5 in Fighting
  5878 | D:7      | Reached XP level 10. HP: 73/73 MP: 14/14
  5885 | D:7      | Reached skill level 5 in Armour
  5902 | D:7      | Reached skill level 5 in Necromancy
  6319 | D:8      | Noticed Harold
  6345 | D:7      | Killed Harold
  6345 | D:7      | Reached skill level 9 in Long Blades
  6379 | D:8      | Noticed Maurice
  6605 | D:8      | Killed Maurice
  6703 | D:8      | Reached *** piety under Kikubaaqudgha
  6703 | D:8      | Identified Kikubaaqudgha's Catalogue of Stolen Souls
                  | (Kikubaaqudgha gifted it to you on level 8 of the Dungeon)
  6703 | D:8      | Received a gift from Kikubaaqudgha
  6730 | D:8      | Learned a level 3 spell: Vampiric Draining
  6821 | D:8      | Reached skill level 10 in Long Blades
  7061 | D:8      | Identified the ring "Uzeeros" {Ice MR+ Int+3} (You found it
                  | on level 7 of the Dungeon)
  7676 | D:9      | Noticed an ice statue
  7803 | D:9      | Reached XP level 11. HP: 68/79 MP: 15/15
  7832 | D:9      | Reached skill level 11 in Long Blades
  8097 | D:9      | Reached **** piety under Kikubaaqudgha
  9221 | D:10     | Entered Level 10 of the Dungeon
  9221 | D:10     | Found a staircase to the Orcish Mines.
  9241 | D:9      | Reached skill level 12 in Long Blades
  9546 | D:10     | Noticed Joseph
  9571 | D:10     | Killed Joseph
  9630 | D:10     | Noticed a two-headed ogre
  9940 | D:9      | Slain by a two-headed ogre

Skill      XL: |  1  2  3  4  5  6  7  8  9 10 11 |
---------------+----------------------------------+-----
Long Blades    | 4 5 6 7 8 10 12 | 12.4
Throwing       | 3 4 |  4.4
Necromancy     | 2 4 6 |  6.5
Armour         | 2 4 5 |  5.2
Fighting       | 3 5 |  5.6
Spellcasting   | 3 |  3.1
Dodging        | |  3.0

Action                   |  1- 3 |  4- 6 |  7- 9 | 10-12 || total
-------------------------+-------+-------+-------+-------++-------
Melee: Long sword        |    59 |   162 |       |       ||   221
       Scimitar          |       |    11 |   268 |   325 ||   604
 Fire: Blowgun           |       |       |       |    10 ||    10
Throw: Throwing net      |     2 |     1 |       |       ||     3
       Tomahawk          |       |       |     3 |       ||     3
  Use: Scroll            |       |       |     6 |     8 ||    14
       Potion            |       |       |       |     1 ||     1
 Stab: Held in net/web   |     2 |     1 |       |       ||     3
       Distracted        |       |     1 |       |       ||     1
       Sleeping          |       |     1 |       |       ||     1
  Eat: Chunk             |       |     5 |     9 |     7 ||    21
       Ration            |       |       |     1 |     2 ||     3
Armor: Leather armour    |     5 |    34 |       |       ||    39
       Chain mail        |       |    43 |   134 |   167 ||   344
Dodge: Dodged            |    32 |   115 |   112 |   137 ||   396
       Rpst.: Long sword |     6 |    39 |       |       ||    45
       Scimitar          |       |     2 |    31 |    32 ||    65
